TOP OF THE 1ST |
Delmarva Shorebirds batting - Pitching for Clinton LumberKings : RHP Steve Miles
|
Pitching: RHP Steve Miles
|
|
Batting: LHB Eric Jackson
|
0-0: Ball 1-0: Ball 2-0: Ball 3-0: Base on Balls
|
Batting: RHB Ken Manser
|
0-0: Swinging Strike 0-1: Foul Ball, location: 2F 0-2: Foul Ball, location: 2F 0-2: Fly out, F9 (Flyball, 89S, EV 83.1 MPH)
|
Batting: RHB Daniel Jackson
|
0-0: Ball Eric Jackson steals 2nd base 1-0: Ball 2-0: Called Strike 2-1: Ball 3-1: Foul Ball, location: 2F 3-2: Base on Balls
|
Batting: RHB Ethan Finke
|
0-0: Called Strike 0-1: Foul Ball, location: 2F 0-2: Ball 1-2: Ball 2-2: Foul Ball, location: 2F 2-2: Foul Ball, location: 2F 2-2: Foul Ball, location: 2F 2-2: Foul Ball, location: 2F 2-2: Ball 3-2: Foul Ball, location: 2F 3-2: SINGLE (Line Drive, 4MD, EV 101.2 MPH) Eric Jackson to third Daniel Jackson to second
|
Batting: RHB Wes Reynolds
|
0-0: Ball 1-0: Ball 2-0: Called Strike 2-1: Ball 3-1: Fielders Choice at 2nd, 6-4 (Groundball, 6M, EV 108.8 MPH) Eric Jackson scores Daniel Jackson to third
|
Batting: RHB Steve Jones
|
0-0: Ball 1-0: Ball 2-0: Foul Ball, location: 2F 2-1: Ball 3-1: Fielders Choice at 2nd, 6-4 (Groundball, 6, EV 86.9 MPH)
|
Top of the 1st over - 1 run, 1 hit, 0 errors, 2 left on base; Delmarva 1 - Clinton 0 |
BOTTOM OF THE 1ST |
Clinton LumberKings batting - Pitching for Delmarva Shorebirds : LHP Luis Perez
|
Pitching: LHP Luis Perez
|
|
Batting: RHB Antonio Oyola
|
0-0: Ball 1-0: Ball 2-0: Ball 3-0: Called Strike 3-1: Base on Balls
|
Batting: LHB Jason Kinney
|
0-0: Called Strike 0-1: Ball 1-1: Called Strike 1-2: Foul Ball, location: 2F 1-2: Foul Ball, location: 2F 1-2: Strikes out swinging
|
Batting: RHB Chris Skaff
|
0-0: Called Strike 0-1: Ball 1-1: Ball 2-1: Called Strike 2-2: Ball 3-2: Ground out 4-3 (Groundball, 34D, EV 98.1 MPH) Antonio Oyola to second
|
Batting: RHB Kinzo Yokoyama
|
0-0: Ball 1-0: Reached on error, E3 (Groundball, 34, EV 80.6 MPH) Antonio Oyola to third
|
Batting: RHB Ivan Davila
|
0-0: Called Strike 0-1: Ball 1-1: Swinging Strike 1-2: Strikes out swinging
|
Bottom of the 1st over - 0 runs, 0 hits, 1 error, 2 left on base; Delmarva 1 - Clinton 0 |
TOP OF THE 2ND |
Delmarva Shorebirds batting - Pitching for Clinton LumberKings : RHP Steve Miles
|
Batting: RHB Francisco Viera
|
0-0: Called Strike 0-1: Called Strike 0-2: Ball 1-2: Foul Ball, location: 2F 1-2: Ground out 6-3 (Groundball, 6M, EV 86.2 MPH)
|
Batting: RHB Tony Godley
|
0-0: Ball 1-0: Foul Ball, location: 2F 1-1: Ball 2-1: Swinging Strike 2-2: Foul Ball, location: 2F 2-2: Ball 3-2: Strikes out looking
|
Batting: RHB Matthew Neal
|
0-0: Called Strike 0-1: Ball 1-1: Swinging Strike 1-2: DOUBLE (Line Drive, 5D, EV 108.1 MPH)
|
Batting: LHB Eric Jackson
|
0-0: 2-RUN HOME RUN (Flyball, 89XD, EV 110.6 MPH), Distance : 445 ft
|
Batting: RHB Ken Manser
|
0-0: Foul Ball, location: 2F 0-1: Ball 1-1: Foul Ball, location: 2F 1-2: Ball 2-2: Ground out 6-3 (Groundball, 6, EV 78.1 MPH)
|
Top of the 2nd over - 2 runs, 2 hits, 0 errors, 0 left on base; Delmarva 3 - Clinton 0 |
BOTTOM OF THE 2ND |
Clinton LumberKings batting - Pitching for Delmarva Shorebirds : LHP Luis Perez
|
Batting: RHB Tze-meng Li
|
0-0: Ball 1-0: DOUBLE (Groundball, 3L, EV 101.2 MPH)
|
Batting: SHB Frank Amato
|
0-0: Ball 1-0: Ball 2-0: Ground out 5-3 (Groundball, 56, EV 105.6 MPH)
|
Batting: RHB Bryan Shuller
|
0-0: Swinging Strike 0-1: Ball 1-1: Ground out 5-3 (Groundball, 56S, EV 71.9 MPH) Tze-meng Li to third
|
Batting: RHB David Greene
|
0-0: Ball 1-0: Ball 2-0: Called Strike 2-1: Ball 3-1: Foul Ball, location: 2F 3-2: Strikes out swinging
|
Bottom of the 2nd over - 0 runs, 1 hit, 0 errors, 1 left on base; Delmarva 3 - Clinton 0 |
TOP OF THE 3RD |
Delmarva Shorebirds batting - Pitching for Clinton LumberKings : RHP Steve Miles
|
Batting: RHB Daniel Jackson
|
0-0: Called Strike 0-1: Ball 1-1: Ball 2-1: Ball 3-1: Foul Ball, location: 2F 3-2: Foul Ball, location: 2F 3-2: Foul Ball, location: 2F 3-2: SINGLE (Line Drive, 3D, EV 105.6 MPH)
|
Batting: RHB Ethan Finke
|
0-0: Ball 1-0: Ball 2-0: Foul Ball, location: 2F 2-1: Foul Ball, location: 2F 2-2: Ball 3-2: Foul Ball, location: 2F 3-2: Base on Balls Daniel Jackson to second
|
Batting: RHB Wes Reynolds
|
0-0: Ball Daniel Jackson steals 3rd base 1-0: Ball 2-0: SINGLE (Groundball, 25, EV 68.8 MPH) (infield hit) Ethan Finke to second
|
Batting: RHB Steve Jones
|
0-0: Called Strike 0-1: Ball 1-1: Foul Ball, location: 2F 1-2: Foul Ball, location: 2F 1-2: Ball 2-2: Grounds into double play, 6-4-3 (Groundball, 6, EV 96.9 MPH) Daniel Jackson scores Ethan Finke to third
|
Pitching: LHP Kevin Roberts
|
|
Batting: RHB Francisco Viera
|
0-0: Called Strike 0-1: Called Strike 0-2: SINGLE (Groundball, 56S, EV 67.5 MPH) (infield hit) Ethan Finke scores
|
Batting: RHB Tony Godley
|
0-0: Ball Francisco Viera steals 2nd, throwing error, E2 Francisco Viera to third 1-0: Foul Ball, location: 2F 1-1: Ball 2-1: Ball 3-1: Fly out, F8 (Flyball, 8LM, EV 79.4 MPH)
|
Top of the 3rd over - 2 runs, 3 hits, 1 error, 1 left on base; Delmarva 5 - Clinton 0 |
BOTTOM OF THE 3RD |
Clinton LumberKings batting - Pitching for Delmarva Shorebirds : LHP Luis Perez
|
Batting: RHB Antonio Oyola
|
0-0: Called Strike 0-1: Ball 1-1: Ground out 3-1 (Groundball, 34, EV 98.8 MPH)
|
Batting: LHB Jason Kinney
|
0-0: Ball 1-0: Ball 2-0: Called Strike 2-1: Ball 3-1: Foul Ball, location: 2F 3-2: Foul Ball, location: 2F 3-2: Fly out, F9 (Flyball, 89S, EV 95.0 MPH)
|
Batting: RHB Chris Skaff
|
0-0: Ball 1-0: Ball 2-0: Ball 3-0: Called Strike 3-1: Fly out, F9 (Flyball, 9LS, EV 91.2 MPH)
|
Bottom of the 3rd over - 0 runs, 0 hits, 0 errors, 0 left on base; Delmarva 5 - Clinton 0 |
TOP OF THE 4TH |
Delmarva Shorebirds batting - Pitching for Clinton LumberKings : LHP Kevin Roberts
|
Batting: RHB Matthew Neal
|
0-0: Ball 1-0: Called Strike 1-1: DOUBLE (Line Drive, 89D, EV 104.4 MPH)
|
Batting: LHB Eric Jackson
|
0-0: Ground out 6-3 (Groundball, 6S, EV 86.9 MPH)
|
Batting: RHB Ken Manser
|
0-0: Ball 1-0: Swinging Strike 1-1: Called Strike 1-2: Ball 2-2: Foul Ball, location: 2F 2-2: Strikes out swinging
|
Batting: RHB Daniel Jackson
|
0-0: Called Strike 0-1: Swinging Strike 0-2: Ball 1-2: Foul Ball, location: 2F 1-2: Ground out 6-3 (Groundball, 6, EV 81.2 MPH)
|
Top of the 4th over - 0 runs, 1 hit, 0 errors, 1 left on base; Delmarva 5 - Clinton 0 |
BOTTOM OF THE 4TH |
Clinton LumberKings batting - Pitching for Delmarva Shorebirds : LHP Luis Perez
|
Batting: RHB Kinzo Yokoyama
|
0-0: Ground out 2-3 (Groundball, 2L, EV 70.0 MPH)
|
Batting: RHB Ivan Davila
|
0-0: Ground out 6-3 (Groundball, 6, EV 106.9 MPH)
|
Batting: RHB Tze-meng Li
|
0-0: Ball 1-0: Ball 2-0: SINGLE (Groundball, 6MD, EV 109.4 MPH)
|
Batting: SHB Frank Amato
|
0-0: Swinging Strike 0-1: Ball 1-1: Ball 2-1: Swinging Strike 2-2: Foul Ball, location: 2F 2-2: Ball 3-2: Strikes out swinging
|
Bottom of the 4th over - 0 runs, 1 hit, 0 errors, 1 left on base; Delmarva 5 - Clinton 0 |
TOP OF THE 5TH |
Delmarva Shorebirds batting - Pitching for Clinton LumberKings : LHP Kevin Roberts
|
Batting: RHB Ethan Finke
|
0-0: Called Strike 0-1: Foul Ball, location: 2F 0-2: Strikes out swinging
|
Batting: RHB Wes Reynolds
|
0-0: Ball 1-0: Ball 2-0: Foul Ball, location: 2F 2-1: Foul Ball, location: 2F 2-2: Ball 3-2: Base on Balls
|
Batting: RHB Steve Jones
|
0-0: Foul Ball, location: 2F 0-1: Foul Ball, location: 2F 0-2: Foul Ball, location: 2F 0-2: Ball 1-2: Foul Ball, location: 2F 1-2: Grounds into double play, 4-6-3 (Groundball, 4, EV 84.4 MPH)
|
Top of the 5th over - 0 runs, 0 hits, 0 errors, 0 left on base; Delmarva 5 - Clinton 0 |
BOTTOM OF THE 5TH |
Clinton LumberKings batting - Pitching for Delmarva Shorebirds : LHP Luis Perez
|
Batting: RHB Bryan Shuller
|
0-0: Ball 1-0: Ball 2-0: Ground out 6-3 (Groundball, 6M, EV 76.2 MPH)
|
Batting: RHB David Greene
|
0-0: Ball 1-0: Ball 2-0: Called Strike 2-1: Ground out 5-3 (Groundball, 56S, EV 71.9 MPH)
|
Batting: RHB Antonio Oyola
|
0-0: Called Strike 0-1: Ball 1-1: Swinging Strike 1-2: Foul Ball, location: 2F 1-2: Ball 2-2: Foul Ball, location: 2F 2-2: Ball 3-2: Ground out 5-3 (Groundball, 56S, EV 83.1 MPH)
|
Bottom of the 5th over - 0 runs, 0 hits, 0 errors, 0 left on base; Delmarva 5 - Clinton 0 |
TOP OF THE 6TH |
Delmarva Shorebirds batting - Pitching for Clinton LumberKings : LHP Kevin Roberts
|
Batting: RHB Francisco Viera
|
0-0: Ball 1-0: Ball 2-0: Foul Ball, location: 2F 2-1: Ball 3-1: Base on Balls
|
Batting: RHB Tony Godley
|
0-0: Swinging Strike 0-1: Foul Ball, location: 2F 0-2: Ball 1-2: Ball 2-2: Ball Wild Pitch! Francisco Viera to second 3-2: Base on Balls
|
Pitching: RHP Ke-yong Khoo
|
|
Batting: RHB Matthew Neal
|
0-0: Called Strike 0-1: Foul Ball, location: 2F 0-2: Strikes out swinging
|
Batting: LHB Eric Jackson
|
0-0: Called Strike 0-1: Ball 1-1: Called Strike Francisco Viera is caught stealing 3rd base 2-5 Tony Godley to second 1-2: DOUBLE (Flyball, 9LD, EV 105.0 MPH) Tony Godley scores
|
Batting: RHB Ken Manser
|
0-0: Called Strike 0-1: SINGLE (Groundball, 6M, EV 99.4 MPH) (infield hit) Eric Jackson to third
|
Batting: RHB Daniel Jackson
|
0-0: Foul Ball, location: 2F 0-1: Ball 1-1: Foul Ball, location: 2F 1-2: Ball 2-2: Ground out 6-3 (Groundball, 6S, EV 94.4 MPH)
|
Top of the 6th over - 1 run, 2 hits, 0 errors, 2 left on base; Delmarva 6 - Clinton 0 |
BOTTOM OF THE 6TH |
Clinton LumberKings batting - Pitching for Delmarva Shorebirds : LHP Luis Perez
|
Batting: LHB Jason Kinney
|
0-0: Ball 1-0: Ground out 4-3 (Groundball, 34, EV 100.0 MPH)
|
Batting: RHB Chris Skaff
|
0-0: Ground out 5-3 (Groundball, 25, EV 83.8 MPH)
|
Batting: RHB Kinzo Yokoyama
|
0-0: Ball 1-0: Ball 2-0: SINGLE (Line Drive, 89M, EV 88.8 MPH)
|
Batting: RHB Ivan Davila
|
0-0: Called Strike 0-1: Called Strike 0-2: Ball 1-2: SINGLE (Groundball, 6MD, EV 105.6 MPH) Kinzo Yokoyama to second
|
Batting: RHB Tze-meng Li
|
0-0: Called Strike 0-1: Foul Ball, location: 2F 0-2: Ball 1-2: Ball 2-2: Foul Ball, location: 2F 2-2: Strikes out looking
|
Bottom of the 6th over - 0 runs, 2 hits, 0 errors, 2 left on base; Delmarva 6 - Clinton 0 |
TOP OF THE 7TH |
Delmarva Shorebirds batting - Pitching for Clinton LumberKings : RHP Ke-yong Khoo
|
Batting: RHB Ethan Finke
|
0-0: Called Strike 0-1: Ball 1-1: Ball 2-1: Foul Ball, location: 2F 2-2: Ball 3-2: Base on Balls
|
Batting: RHB Wes Reynolds
|
0-0: Ball 1-0: Called Strike 1-1: Foul Ball, location: 2F 1-2: DOUBLE (Line Drive, 78XD, EV 106.9 MPH) Ethan Finke to third
|
Batting: RHB Steve Jones
|
0-0: Ball 1-0: SINGLE (Groundball, 56D, EV 95.6 MPH) Ethan Finke scores Wes Reynolds to third Runner from 3rd tries for Home, SAFE, throw by LF to home
|
Batting: RHB Francisco Viera
|
0-0: Foul Ball, location: 2F 0-1: Ball 1-1: Ball 2-1: Grounds into double play, 1-6-3 (Groundball, 13S, EV 69.4 MPH)
|
Batting: RHB Tony Godley
|
0-0: Called Strike 0-1: Ball 1-1: Called Strike 1-2: Ball 2-2: Ground out 5-3 (Groundball, 5L, EV 82.5 MPH)
|
Top of the 7th over - 2 runs, 2 hits, 0 errors, 0 left on base; Delmarva 8 - Clinton 0 |
BOTTOM OF THE 7TH |
Clinton LumberKings batting - Pitching for Delmarva Shorebirds : LHP Luis Perez
|
Batting: SHB Frank Amato
|
0-0: Ball 1-0: Called Strike 1-1: Ball 2-1: Foul Ball, location: 2F 2-2: Strikes out swinging
|
Batting: RHB Bryan Shuller
|
0-0: Ball 1-0: Ball 2-0: Called Strike 2-1: Ball 3-1: Base on Balls
|
Pitching: LHP Armando Florez
|
|
Batting: RHB David Greene
|
0-0: Ball 1-0: Foul Ball, location: 2F 1-1: SINGLE (Line Drive, 89M, EV 88.1 MPH) Bryan Shuller to second
|
Pinch Hitting: RHB Danny Pujols
|
0-0: Ball Wild Pitch! Bryan Shuller to third David Greene to second 1-0: Ball 2-0: Ball 3-0: Called Strike 3-1: Called Strike 3-2: Ground out 1-3 (Groundball, 13S, EV 70.0 MPH)
|
Batting: LHB Jason Kinney
|
0-0: Ball 1-0: Swinging Strike 1-1: Swinging Strike 1-2: Ball 2-2: Ball 3-2: Foul Ball, location: 2F 3-2: Strikes out swinging
|
Bottom of the 7th over - 0 runs, 1 hit, 0 errors, 2 left on base; Delmarva 8 - Clinton 0 |
TOP OF THE 8TH |
Delmarva Shorebirds batting - Pitching for Clinton LumberKings : RHP Ke-yong Khoo
|
Pitching: RHP Eduardo Arlarcon
|
|
Now in LF: Kinzo Yokoyama
|
|
Now in CF: Josh Gottlieb
|
|
Batting: RHB Matthew Neal
|
0-0: Called Strike 0-1: Ball 1-1: Ball 2-1: Ball 3-1: Base on Balls
|
Batting: LHB Eric Jackson
|
0-0: Ball 1-0: Ball 2-0: Ball 3-0: Called Strike 3-1: Called Strike 3-2: Strikes out looking
|
Pinch Hitting: RHB Mike Pitts
|
0-0: Ball 1-0: Ball 2-0: Called Strike 2-1: Foul Ball, location: 2F 2-2: Strikes out swinging
|
Pinch Hitting: LHB Ralph Braine
|
0-0: Ball 1-0: Ball 2-0: Ball 3-0: Called Strike 3-1: Foul Ball, location: 2F 3-2: Base on Balls Matthew Neal to second
|
Pinch Hitting: RHB Ismael Macedo
|
0-0: Called Strike 0-1: Ground out 4-3 (Groundball, 4S, EV 85.6 MPH)
|
Top of the 8th over - 0 runs, 0 hits, 0 errors, 2 left on base; Delmarva 8 - Clinton 0 |
BOTTOM OF THE 8TH |
Clinton LumberKings batting - Pitching for Delmarva Shorebirds : LHP Armando Florez
|
Now at 2B: Ismael Macedo
|
|
Now at 3B: Mike Pitts
|
|
Now at SS: Francisco Viera
|
|
Now in RF: Ralph Braine
|
|
Batting: RHB Chris Skaff
|
0-0: Ball 1-0: Ball 2-0: Ball 3-0: Base on Balls
|
Batting: RHB Kinzo Yokoyama
|
0-0: Ball 1-0: Called Strike 1-1: Ball Wild Pitch! Chris Skaff to second 2-1: Foul Ball, location: 2F 2-2: Ball 3-2: Foul Ball, location: 2F 3-2: Strikes out looking
|
Pitching: RHP Bryant Orr
|
|
Batting: RHB Ivan Davila
|
0-0: Ball 1-0: Called Strike 1-1: Swinging Strike 1-2: Foul Ball, location: 2F 1-2: Strikes out looking
|
Batting: RHB Tze-meng Li
|
0-0: Ball 1-0: Called Strike 1-1: Ball 2-1: Ball 3-1: Called Strike 3-2: Ground out 6-3 (Groundball, 6, EV 84.4 MPH)
|
Bottom of the 8th over - 0 runs, 0 hits, 0 errors, 1 left on base; Delmarva 8 - Clinton 0 |
TOP OF THE 9TH |
Delmarva Shorebirds batting - Pitching for Clinton LumberKings : RHP Eduardo Arlarcon
|
Pitching: RHP Dave Williams
|
|
Batting: RHB Wes Reynolds
|
0-0: Called Strike 0-1: Swinging Strike 0-2: Ball 1-2: Ball 2-2: Ground out 6-3 (Groundball, 56, EV 80.6 MPH)
|
Pinch Hitting: RHB Marquis Major
|
0-0: Ground out U3 (Groundball, 3S, EV 66.2 MPH)
|
Batting: RHB Francisco Viera
|
0-0: Called Strike 0-1: Ball 1-1: Ball 2-1: Ball 3-1: Ground out 4-3 (Groundball, 4MS, EV 70.6 MPH)
|
Top of the 9th over - 0 runs, 0 hits, 0 errors, 0 left on base; Delmarva 8 - Clinton 0 |
BOTTOM OF THE 9TH |
Clinton LumberKings batting - Pitching for Delmarva Shorebirds : RHP Bryant Orr
|
Now at C: Marquis Major
|
|
Batting: SHB Frank Amato
|
0-0: Called Strike 0-1: Called Strike 0-2: Ball 1-2: Foul Ball, location: 2F 1-2: Ball 2-2: Strikes out swinging
|
Batting: RHB Bryan Shuller
|
0-0: Swinging Strike 0-1: Swinging Strike 0-2: Strikes out swinging
|
Batting: RHB David Greene
|
0-0: Ball 1-0: Foul Ball, location: 2F 1-1: Ball 2-1: Swinging Strike 2-2: Ball 3-2: Strikes out swinging
|
Bottom of the 9th over - 0 runs, 0 hits, 0 errors, 0 left on base; Delmarva 8 - Clinton 0 |
|